 Dungeon Crawl Stone Soup version 0.18.1-50-g88ac8fd (webtiles) character file.

717 Gargoyl the Covered (level 7, 0/82 HPs)
             Began as a Demonspawn Abyssal Knight on Sept 20, 2016.
             Was a Priest of Lugonu.
             Slain by a killer bee (6 damage)
             ... on level 7 of the Dungeon.
             The game lasted 00:07:56 (4284 turns).

Gargoyl the Covered (Demonspawn Abyssal Knight)     Turns: 4284, Time: 00:07:57

Health: 0/82       AC: 27    Str: 15    XL:     7   Next: 42%
Magic:  8/8        EV:  2    Int: 13    God:    Lugonu [***...]
Gold:   250        SH:  0    Dex: 12    Spells: 0 memorised, 6 levels left

rFire  . . .     SeeInvis .     d - +4 war axe
rCold  . . .     Gourm    .     (armour currently unavailable)
rNeg   + + +     Faith    .     (no shield)
rPois  +         Spirit   .     (helmet currently unavailable)
rElec  .         Dismiss  .     (cloak currently unavailable)
rCorr  .         Reflect  .     (gloves currently unavailable)
SustAt .         Harm     .     (boots currently unavailable)
MR     .....     NoTele   +     h - amulet of magic regeneration
Stlth  +.........               (no ring)
                                s - +4 ring of protection

@: tree-form, very slightly contaminated, invisible, not resistant to hostile
enchantments, very unstealthy
A: (molten scales 0), (fire resistance 0), powered by pain 2, slow regeneration
1, MP-powered wands
a: Depart the Abyss, Bend Space, Banish, Renounce Religion


You were on level 7 of the Dungeon.
You worshipped Lugonu.
Lugonu was most pleased with you.
You were very hungry.
You were a tree.
You visited 1 branch of the dungeon, and saw 6 of its levels.
You visited the Abyss 1 time.

You collected 250 gold pieces.

Inventory:

Hand Weapons
 d - a +4 war axe (weapon)
 t - a +5 hand axe
Armour
 e - a +0 plate armour (melded)
 f - a +0 pair of gloves (melded)
Jewellery
 h - an amulet of magic regeneration (around neck)
 o - a +3 ring of slaying {unknown}
 s - a +4 ring of protection (left branch)
Scrolls
 k - 2 scrolls of amnesia
Potions
 a - a potion of curing
 j - a potion of brilliance
 l - a potion of degeneration {unknown}
 n - a potion of agility
Comestibles
 c - 4 bread rations
 g - a beef jerky
 v - a royal jelly


   Skills:
 + Level 4.9 Fighting
 + Level 4.0 Axes
 * Level 5.3 Armour
 + Level 1.6 Dodging
 + Level 0.2 Stealth
 + Level 2.5 Invocations


You had 6 spell levels left.
You didn't know any spells.

Dungeon Overview and Level Annotations

Branches:
Dungeon (5/15)
 Temple: D:4-7

Altars:
Cheibriados
Dithmenos
Kikubaaqudgha
Pakellas
Qazlal
Xom


Innate Abilities, Weirdness & Mutations

((You are partially covered in molten scales (AC +1).))
((Your flesh is very heat resistant.))
You sometimes gain power by taking damage.
You regenerate slowly when monsters are visible.
You expend magic power (3 MP) to strengthen your wands.


Message History

You miss the killer bee.
The killer bee stings you but does no damage. x3
You closely miss the killer bee. The killer bee stings you.
* * * LOW HITPOINT WARNING * * *
The killer bee stings you but does no damage.
You hit the killer bee.
The killer bee is moderately wounded.
The killer bee stings you but does no damage. x2
The killer bee barely misses you.
You hit the killer bee.
The killer bee is heavily wounded.
The killer bee stings you.
* * * LOW HITPOINT WARNING * * *
The killer bee stings you but does no damage. x2
You barely miss the killer bee.
The killer bee is heavily wounded.
You are feeling very hungry.
The killer bee stings you but does no damage.
The killer bee stings you.
You die...

................
#######........#
#........+
+........#
..#####........#
..........######
..#####y### #y#
#♣# #†# #.# #.#
#.# ..+ #.# #.#


You could see 2 killer bees.

Vanquished Creatures
  A sky beast (D:5)
  2 giant frogs
  2 killer bees (D:7)
  2 hounds (D:4)
  An orc priest (D:4)
  An iguana (D:4)
  2 worker ants (D:4)
  A worker ant zombie (D:5)
  7 adders
  4 gnolls
  An ooze (D:4)
  An adder skeleton (D:4)
  4 worms
  2 dart slugs
  2 giant geckos
  7 orcs
  5 bats
  10 giant cockroaches
  9 goblins
  9 hobgoblins
  4 jackals (D:1)
  4 quokkas
  2 ball pythons
  5 giant newts
  8 kobolds
  11 rats
107 creatures vanquished.

Notes
Turn   | Place    | Note
--------------------------------------------------------------
     0 | Abyss:1  | Gargoyl the Demonspawn Abyssal Knight began the quest for the Orb.
     0 | Abyss:1  | Reached XP level 1. HP: 18/18 MP: 2/2
    17 | Abyss:2  | Noticed a frost giant zombie
    17 | Abyss:2  | Noticed a smoke demon
    39 | D:1      | Escaped the Abyss
    57 | D:1      | Reached skill level 1 in Dodging
   238 | D:1      | Reached * piety under Lugonu
   290 | D:1      | Gained mutation: You are partially covered in molten scales (AC +1). [demonic ancestry]
   290 | D:1      | Reached XP level 2. HP: 12/24 MP: 3/3
   561 | D:1      | Reached skill level 2 in Armour
   730 | D:1      | Reached XP level 3. HP: 30/30 MP: 4/4
  1330 | D:2      | Reached ** piety under Lugonu
  1600 | D:2      | Found a stormy altar of Qazlal.
  1630 | D:2      | Found a shadowy altar of Dithmenos.
  1668 | D:2      | Gained mutation: You sometimes gain a little power by taking damage. [demonic ancestry]
  1668 | D:2      | Reached XP level 4. HP: 31/37 MP: 5/5
  2131 | D:3      | Reached skill level 3 in Armour
  2453 | D:3      | Gained mutation: Your flesh is heat resistant. [demonic ancestry]
  2453 | D:3      | Reached XP level 5. HP: 36/42 MP: 6/6
  2603 | D:3      | Found an ancient bone altar of Kikubaaqudgha.
  2817 | D:3      | Reached *** piety under Lugonu
  3179 | D:4      | Reached skill level 4 in Armour
  3223 | D:4      | Gained mutation: You sometimes gain power by taking damage. [demonic ancestry]
  3223 | D:4      | Reached XP level 6. HP: 35/49 MP: 7/7
  3230 | D:4      | Found an oddly glowing altar of Pakellas.
  3495 | D:4      | HP: 2/49 [orc priest/divine providence (14)]
  3573 | D:4      | Gained mutation: You regenerate slowly when monsters are visible. [potion of mutation]
  3573 | D:4      | Gained mutation: You expend magic power (3 MP) to strengthen your wands. [potion of mutation]
  3573 | D:4      | Gained mutation: Your flesh is very heat resistant. [potion of mutation]
  3941 | D:5      | Entered Level 5 of the Dungeon
  4033 | D:5      | Found a shimmering altar of Xom.
  4033 | D:5      | Found a snail-covered altar of Cheibriados.
  4045 | D:5      | Noticed a sky beast
  4062 | D:5      | Killed a sky beast
  4062 | D:5      | Reached XP level 7. HP: 24/55 MP: 8/8
  4188 | D:5      | You fall through a shaft for 2 floors!
  4264 | D:7      | Reached skill level 5 in Armour
  4284 | D:7      | Slain by a killer bee

Skill      XL: |  1  2  3  4  5  6  7 |
---------------+----------------------+-----
Dodging        | 1 |  1.6
Armour         | 2 3 4 5 |  5.3
Axes           | 2 3 4 |  4.0
Fighting       | 4 |  4.9
Stealth        | |  0.2
Invocations    | |  2.5

Action                   |  1- 3 |  4- 6 |  7- 9 || total
-------------------------+-------+-------+-------++-------
Melee: War axe           |   134 |   184 |    29 ||   347
       Hand axe          |       |    52 |       ||    52
Invok: Depart the Abyss  |     1 |       |       ||     1
  Use: Scroll            |       |    10 |       ||    10
       Potion            |       |     5 |     3 ||     8
 Stab: Sleeping          |     1 |       |       ||     1
       Invisible         |       |       |     1 ||     1
  Eat: Chunk             |     3 |     7 |     1 ||    11
Armor: Leather armour    |     6 |       |       ||     6
       Plate armour      |   148 |   238 |    42 ||   428
       Skin              |       |       |    29 ||    29
Dodge: Dodged            |    52 |    75 |    15 ||   142
